Winnipeg Jets vs Boston Bruins
Created - Monday, May 6, 2024 at 07:22
Goals
|
| Winnipeg Jets |
0 |
1 |
3 |
4 |
| Boston Bruins |
2 |
0 |
0 |
2 |
|
Shots
|
| Winnipeg Jets |
10 |
5 |
15 |
30 |
| Boston Bruins |
14 |
8 |
21 |
43 |
|
1st period
1. Boston Bruins , Anthony Beauvillier 24 (Brandon Hagel 28, Ryan Donato 13) at 14:15
2. Boston Bruins , David Krejci 21 (Joel Farabee 27, Luke Kunin 13) at 14:31
Penalties :
Brandon Hagel (BOS) for Hooking (Minor) at 11:03
2nd period
3. Winnipeg Jets , Connor McDavid 24 (Alex DeBrincat 21) at 6:19 (PP)
Penalties :
Kaapo Kakko (WPG) for Hooking (Minor) at 2:45, Brandon Hagel (BOS) for Roughing (Minor) at 6:07, Charlie McAvoy (BOS) for Hooking (Minor) at 6:50, Tyson Barrie (BOS) for Interference (Minor) at 9:14, Nick Suzuki (WPG) for Tripping (Minor) at 12:37
3rd period
4. Winnipeg Jets , Alex DeBrincat 30 (Connor McDavid 46, Jordan Harris 8) at 10:41
5. Winnipeg Jets , Matthew Beniers 17 (Dante Fabbro 16) at 15:11
6. Winnipeg Jets , Alex DeBrincat 31 (Connor McDavid 47) at 19:55 (Empty Net)
Penalties :
Brandon Hagel (BOS) for Interference (Minor) at 3:17, Pavel Zacha (BOS) for High sticking (Minor) at 7:57
Goalie Stats
Spencer Knight (WPG), 41 saves from 43 shots - (0.953), W, 14-20-8, 60:00 minutes
Leevi Merilainen (BOS), 26 saves from 29 shots - (0.897), L, 9-17-7, 58:50 minutes
Players Stats for Winnipeg Jets
Player Name G A P +/- PIM S H SB GA TA FO MP PP MP PK MP
------------------------------------------------------------------------------------
Alex DeBrincat 2 1 3 1 0 4 1 0 0 3 1/3 20:10 5:02 1:43
Andrew Cogliano 0 0 0 -1 0 0 2 1 1 1 0/0 16:37 4:59 0:00
Barclay Goodrow 0 0 0 1 0 1 2 3 0 0 0/0 11:53 0:06 0:00
Calen Addison 0 0 0 0 0 2 0 2 0 0 0/0 19:15 4:48 0:00
Connor McDavid 1 2 3 1 0 3 1 0 1 0 11/22 20:35 5:02 2:01
Dante Fabbro 0 1 1 0 0 1 1 2 0 0 0/0 26:32 5:19 2:11
Dylan Samberg 0 0 0 0 0 0 2 1 0 1 0/0 20:37 4:48 1:22
Joel Armia 0 0 0 1 0 0 0 1 0 0 0/0 13:03 0:00 1:36
Jordan Harris 0 1 1 1 0 0 1 2 0 0 0/0 14:13 0:00 1:47
Kaapo Kakko 0 0 0 -1 2 5 2 0 2 0 0/1 16:42 4:59 0:00
Kaiden Guhle 0 0 0 0 0 2 5 2 0 0 0/0 26:32 5:19 2:11
Klim Kostin 0 0 0 0 0 0 1 0 0 0 0/1 8:52 0:00 0:00
Lucas Raymond 0 0 0 1 0 1 3 0 1 0 0/0 20:19 5:02 1:52
Matthew Beniers 1 0 1 1 0 2 0 1 0 0 2/6 11:53 0:06 0:00
Nick Suzuki 0 0 0 -1 2 4 0 0 0 0 7/18 17:37 5:05 0:22
Pius Suter 0 0 0 0 0 3 1 1 0 1 0/0 9:27 0:00 0:22
Sam Steel 0 0 0 0 0 2 2 0 1 0 4/7 8:52 0:00 0:00
Ty Smith 0 0 0 1 0 0 0 0 0 0 0/0 12:51 0:00 0:25
Players Stats for Boston Bruins
Player Name G A P +/- PIM S H SB GA TA FO MP PP MP PK MP
------------------------------------------------------------------------------------
Anthony Beauvillier 1 0 1 0 0 4 2 0 1 1 0/1 19:32 2:28 4:32
Brandon Hagel 0 1 1 0 6 4 1 0 0 0 1/1 18:04 2:28 2:45
Cam York 0 0 0 -2 0 2 2 1 1 2 0/0 22:10 2:21 5:00
Charlie McAvoy 0 0 0 1 2 2 0 2 0 1 0/0 21:06 1:24 3:55
Curtis Hall 0 0 0 0 0 1 2 0 0 0 3/5 8:44 0:00 0:00
David Krejci 1 0 1 1 0 5 2 0 0 0 11/21 17:46 1:30 4:32
Joe Veleno 0 0 0 0 0 2 0 0 0 0 0/0 9:20 0:00 0:40
Joel Farabee 0 1 1 1 0 2 1 0 2 0 0/0 13:13 1:30 0:00
John-Jason Peterka 0 0 0 -2 0 1 0 0 1 0 1/2 14:51 0:00 2:14
Luke Kunin 0 1 1 1 0 3 1 0 0 0 0/0 13:13 1:30 0:00
Matt Grzelcyk 0 0 0 0 0 3 0 1 0 0 0/0 15:22 0:13 0:13
Morgan Geekie 0 0 0 -2 0 4 0 0 0 0 0/0 12:33 0:00 0:00
Otto Koivula 0 0 0 0 0 1 3 0 0 0 0/0 8:40 0:00 0:00
Pavel Zacha 0 0 0 0 2 2 0 0 0 0 12/18 19:05 2:28 3:43
Ryan Donato 0 1 1 -2 0 3 3 1 0 0 5/10 14:45 0:00 1:48
Samuel Bolduc 0 0 0 0 0 2 2 0 0 0 0/0 16:49 0:00 1:44
Samuel Girard 0 0 0 -2 0 1 1 0 0 1 0/0 22:39 2:34 5:00
Tyson Barrie 0 0 0 1 2 1 0 0 1 1 0/0 21:55 1:24 4:22
3 Stars
1 - Alex DeBrincat (WPG)
2 - Connor McDavid (WPG)
3 - Spencer Knight (WPG)
Power Play
Winnipeg Jets - 1 on 6 Attempt(s) - 16.67%
Boston Bruins - 0 on 2 Attempt(s) - 0.00%
Penalty Kill
Winnipeg Jets - 2 on 2 Attempt(s) - 100.00%
- Score 0 goal in Penalty Kill
Boston Bruins - 5 on 6 Attempt(s) - 83.33%
- Score 0 goal in Penalty Kill
Team Stat
Winnipeg Jets - Hits : 24 - Faceoff Wins : 25 - Blocked Shots : 16 - Penalty Minutes : 4
Boston Bruins - Hits : 20 - Faceoff Wins : 33 - Blocked Shots : 5 - Penalty Minutes : 12
Official
Referees : Jon Mclsaac and Trevor Hanson
Linesman : Steve Barton and Steve Miller
Game Notes
Alex DeBrincat has scored in a empty net!
Finance
Level 1 -- Attendance: 4429 (73.82%) -- Ticket Income $442,900
Level 2 -- Attendance: 3716 (74.32%) -- Ticket Income $222,960
Level 3 -- Attendance: 1904 (63.47%) -- Ticket Income $66,640
Level 4 -- Attendance: 3217 (64.34%) -- Ticket Income $80,425
Luxury Box -- Attendance: 661 (66.10%) -- Ticket Income $132,200
Game was played at the TD Garden.
Total Attendance: 13927 (69.64%)
Total Ticket Income: $945,125
Other Income: $330,794
Total Income: $1,275,919
Winnipeg Jets
5 vs 5 Forward
Center Left Wing Right Wing Time % Phy DF OF
1 Connor McDavid Alex DeBrincat Lucas Raymond 30 1 2 2
2 Nick Suzuki Andrew Cogliano Kaapo Kakko 30 1 2 2
3 Matthew Beniers Barclay Goodrow Joel Armia 25 1 2 2
4 Sam Steel Pius Suter Klim Kostin 15 1 2 2
5 vs 5 Defense
Defense Defense Time % Phy DF OF
1 Dante Fabbro Kaiden Guhle 30 1 2 2
2 Dylan Samberg Calen Addison 30 1 2 2
3 Jordan Harris Ty Smith 25 1 2 2
4 Dante Fabbro Kaiden Guhle 15 1 2 2
PowerPlay Forward
Center Left Wing Right Wing Time % Phy DF OF
1 Connor McDavid Alex DeBrincat Lucas Raymond 50 1 2 2
2 Nick Suzuki Andrew Cogliano Kaapo Kakko 50 1 2 2
PowerPlay Defense
Defense Defense Time % Phy DF OF
1 Dante Fabbro Kaiden Guhle 50 1 2 2
2 Dylan Samberg Calen Addison 50 1 2 2
Penalty Kill 4 Players Forward
Center Wing Time % Phy DF OF
1 Connor McDavid Nick Suzuki 50 1 2 2
2 Alex DeBrincat Lucas Raymond 50 1 2 2
Penalty Kill 4 Players Defense
Defense Defense Time % Phy DF OF
1 Dante Fabbro Kaiden Guhle 50 1 2 2
2 Jordan Harris Dylan Samberg 50 1 2 2
Penalty Kill - 3 Players Forward
Forward Time % Phy DF OF
1 Connor McDavid 50 1 2 2
2 Nick Suzuki 50 1 2 2
Penalty Kill - 3 Players Defense
Defense Defense Time % Phy DF OF
1 Dante Fabbro Jordan Harris 50 1 2 2
2 Kaiden Guhle Ty Smith 50 1 2 2
4 vs 4 Forward
Center Wing Time % Phy DF OF
1 Connor McDavid Nick Suzuki 50 1 2 2
2 Alex DeBrincat Lucas Raymond 50 1 2 2
4 vs 4 Defense
Defense Defense Time % Phy DF OF
1 Dante Fabbro Dylan Samberg 50 1 2 2
2 Kaiden Guhle Jordan Harris 50 1 2 2
Last Minutes Offensive
Center Left Wing Right Wing Defense Defense
Connor McDavid Alex DeBrincat Lucas Raymond Dante Fabbro Kaiden Guhle
Last Minutes Defensive
Center Left Wing Right Wing Defense Defense
Connor McDavid Alex DeBrincat Lucas Raymond Dante Fabbro Kaiden Guhle
Goaltenders
Starting : Spencer Knight
Backup : Pavel Francouz
Extra Forwards
Normal : Matthew Beniers, Barclay Goodrow, Joel Armia - PP : Matthew Beniers, Barclay Goodrow - PK : Joel Armia
Extra Defensemen
Normal : Dylan Samberg, Jordan Harris, Dante Fabbro - PP : Dylan Samberg - PK : Jordan Harris, Dante Fabbro
Penalty Shots
Connor McDavid, Nick Suzuki, Alex DeBrincat, Lucas Raymond, Matthew Beniers
Boston Bruins
5 vs 5 Forward
Center Left Wing Right Wing Time % Phy DF OF
1 Pavel Zacha Brandon Hagel Anthony Beauvillier 30 1 2 2
2 David Krejci Luke Kunin Joel Farabee 30 1 2 2
3 Ryan Donato John-Jason Peterka Morgan Geekie 25 1 2 2
4 Curtis Hall Joe Veleno Otto Koivula 15 1 2 2
5 vs 5 Defense
Defense Defense Time % Phy DF OF
1 Charlie McAvoy Tyson Barrie 35 1 2 2
2 Samuel Girard Cam York 35 1 2 2
3 Matt Grzelcyk Samuel Bolduc 30 1 2 2
4 Charlie McAvoy Tyson Barrie 0 1 2 2
PowerPlay Forward
Center Left Wing Right Wing Time % Phy DF OF
1 Pavel Zacha Brandon Hagel Anthony Beauvillier 50 1 2 2
2 David Krejci Luke Kunin Joel Farabee 50 1 2 2
PowerPlay Defense
Defense Defense Time % Phy DF OF
1 Charlie McAvoy Tyson Barrie 50 1 2 2
2 Samuel Girard Cam York 50 1 2 2
Penalty Kill 4 Players Forward
Center Wing Time % Phy DF OF
1 Brandon Hagel Pavel Zacha 50 1 2 2
2 David Krejci Anthony Beauvillier 50 1 2 2
Penalty Kill 4 Players Defense
Defense Defense Time % Phy DF OF
1 Charlie McAvoy Tyson Barrie 50 1 2 2
2 Samuel Girard Cam York 50 1 2 2
Penalty Kill - 3 Players Forward
Forward Time % Phy DF OF
1 Brandon Hagel 50 1 2 2
2 Pavel Zacha 50 1 2 2
Penalty Kill - 3 Players Defense
Defense Defense Time % Phy DF OF
1 Charlie McAvoy Tyson Barrie 50 1 2 2
2 Samuel Girard Cam York 50 1 2 2
4 vs 4 Forward
Center Wing Time % Phy DF OF
1 Brandon Hagel Pavel Zacha 50 1 2 2
2 David Krejci Anthony Beauvillier 50 1 2 2
4 vs 4 Defense
Defense Defense Time % Phy DF OF
1 Charlie McAvoy Tyson Barrie 50 1 2 2
2 Samuel Girard Cam York 50 1 2 2
Last Minutes Offensive
Center Left Wing Right Wing Defense Defense
Pavel Zacha Brandon Hagel Anthony Beauvillier Charlie McAvoy Tyson Barrie
Last Minutes Defensive
Center Left Wing Right Wing Defense Defense
Pavel Zacha Brandon Hagel Anthony Beauvillier Charlie McAvoy Tyson Barrie
Goaltenders
Starting : Leevi Merilainen
Backup : Pyotr Kochetkov
Extra Forwards
Normal : Curtis Hall, Ryan Donato, John-Jason Peterka - PP : Curtis Hall, Ryan Donato - PK : John-Jason Peterka
Extra Defensemen
Normal : Matt Grzelcyk, Samuel Bolduc, Samuel Girard - PP : Matt Grzelcyk - PK : Samuel Bolduc, Samuel Girard
Penalty Shots
Brandon Hagel, Pavel Zacha, David Krejci, Anthony Beauvillier, Luke Kunin
% Time on Ice - Winnipeg Jets
Lines # - Real PCT - Wanted PCT - Time Play
Normal Forward
1 - 28% - 30% - 12:37
2 - 27% - 30% - 11:58
3 - 25% - 25% - 11:23
4 - 20% - 15% - 8:52
Normal Defense
1 - 31% - 30% - 14:07
2 - 32% - 30% - 14:33
3 - 25% - 25% - 11:15
4 - 11% - 15% - 4:55
PP Forward
1 - 50% - 50% - 5:02
2 - 50% - 50% - 5:05
PP Defense
1 - 53% - 50% - 5:19
2 - 47% - 50% - 4:48
PK Forward
1 - 61% - 50% - 2:24
2 - 39% - 50% - 1:34
PK Defense
1 - 55% - 50% - 2:11
2 - 45% - 50% - 1:47
PK3 Forward
1 - 0% - 50%
2 - 0% - 50%
PK3 Defense
1 - 0% - 50%
2 - 0% - 50%
44 Forward
1 - 0% - 50%
2 - 0% - 50%
44 Defense
1 - 0% - 50%
2 - 0% - 50%
Last Minute Offensive - 0:00
Last Minute Defensive - 1:05
Total
Forward - 60:00
Defense - 60:00
|
% Time on Ice - Boston Bruins
Lines # - Real PCT - Wanted PCT - Time Play
Normal Forward
1 - 27% - 30% - 11:54
2 - 26% - 30% - 11:44
3 - 28% - 25% - 12:33
4 - 19% - 15% - 8:40
Normal Defense
1 - 36% - 35% - 16:05
2 - 34% - 35% - 15:05
3 - 31% - 30% - 13:41
4 - 0% - 0% - 0:00
PP Forward
1 - 62% - 50% - 2:28
2 - 38% - 50% - 1:30
PP Defense
1 - 35% - 50% - 1:24
2 - 65% - 50% - 2:34
PK Forward
1 - 55% - 50% - 5:35
2 - 45% - 50% - 4:32
PK Defense
1 - 51% - 50% - 5:07
2 - 49% - 50% - 5:00
PK3 Forward
1 - 0% - 50%
2 - 0% - 50%
PK3 Defense
1 - 0% - 50%
2 - 0% - 50%
44 Forward
1 - 0% - 50%
2 - 0% - 50%
44 Defense
1 - 0% - 50%
2 - 0% - 50%
Last Minute Offensive - 1:04
Last Minute Defensive - 0:00
Total
Forward - 60:00
Defense - 60:00
|
Play-by-Play
1st period
0:01 of 1st period - Pavel Zacha wins face-off versus Connor McDavid in neutral zone.
0:26 of 1st period - Charlie McAvoy is hit by Barclay Goodrow and loses puck.
0:35 of 1st period - Snap shot by Anthony Beauvillier.
0:35 of 1st period - Shot Blocked by Dante Fabbro.
0:37 of 1st period - Wrist shot by Cam York.
0:37 of 1st period - Deflect By Joel Armia.
0:37 of 1st period - Stopped by Spencer Knight with a rebound.
1:17 of 1st period - Wrist shot by Joel Armia.
1:17 of 1st period - Shot Misses the Net.
1:19 of 1st period - Slapshot by Dante Fabbro.
1:19 of 1st period - Shot Misses the Net.
1:37 of 1st period - Snap shot by Joel Armia.
1:37 of 1st period - Deflect By Matthew Beniers.
1:37 of 1st period - Shot Misses the Net.
1:37 of 1st period - Puck is out of play.
1:38 of 1st period - David Krejci wins face-off versus Nick Suzuki in Boston Bruins zone.
1:49 of 1st period - Wrist shot by Kaapo Kakko.
1:49 of 1st period - Stopped by Leevi Merilainen without a rebound.
1:50 of 1st period - Ryan Donato wins face-off versus Nick Suzuki in Boston Bruins zone.
2:24 of 1st period - Slapshot by David Krejci.
2:24 of 1st period - Stopped by Spencer Knight with a rebound.
2:56 of 1st period - Slapshot by Kaapo Kakko.
2:56 of 1st period - Stopped by Leevi Merilainen with a rebound.
2:58 of 1st period - Snap shot by Kaapo Kakko.
2:58 of 1st period - Shot Blocked by Ryan Donato.
3:00 of 1st period - Snap shot by Kaapo Kakko.
3:00 of 1st period - Stopped by Leevi Merilainen with a rebound.
3:10 of 1st period - Snap shot by Joel Farabee.
3:10 of 1st period - Stopped by Spencer Knight with a rebound.
3:12 of 1st period - Slapshot by Charlie McAvoy.
3:12 of 1st period - Stopped by Spencer Knight with a rebound.
3:42 of 1st period - Morgan Geekie is hit by Kaiden Guhle and loses puck.
4:11 of 1st period - Joel Farabee is hit by Dylan Samberg and loses puck.
4:22 of 1st period - Wrist shot by David Krejci.
4:22 of 1st period - Shot Misses the Net.
4:47 of 1st period - Slapshot by Cam York.
4:47 of 1st period - Shot Misses the Net.
5:16 of 1st period - Wrist shot by Nick Suzuki.
5:16 of 1st period - Stopped by Leevi Merilainen with a rebound.
5:42 of 1st period - Otto Koivula is hit by Lucas Raymond and loses puck.
6:03 of 1st period - Wrist shot by Sam Steel.
6:03 of 1st period - Stopped by Leevi Merilainen without a rebound.
6:04 of 1st period - Sam Steel wins face-off versus David Krejci in Boston Bruins zone.
6:07 of 1st period - Wrist shot by Sam Steel.
6:07 of 1st period - Stopped by Leevi Merilainen with a rebound.
6:29 of 1st period - Connor McDavid is hit by Ryan Donato and loses puck.
7:12 of 1st period - Barclay Goodrow is hit by Anthony Beauvillier.
7:42 of 1st period - Matt Grzelcyk is hit by Sam Steel and loses puck.
7:57 of 1st period - Ty Smith is hit by Ryan Donato and loses puck.
8:15 of 1st period - Icing by Jordan Harris.
8:16 of 1st period - Curtis Hall wins face-off versus Kaapo Kakko in Winnipeg Jets zone.
8:17 of 1st period - Slapshot by Charlie McAvoy.
8:17 of 1st period - Shot Misses the Net.
8:19 of 1st period - Slapshot by Joe Veleno.
8:19 of 1st period - Shot Misses the Net.
8:23 of 1st period - Wrist shot by Joe Veleno.
8:23 of 1st period - Stopped by Spencer Knight with a rebound.
8:25 of 1st period - Snap shot by Otto Koivula.
8:25 of 1st period - Shot Blocked by Andrew Cogliano.
8:27 of 1st period - Snap shot by Curtis Hall.
8:27 of 1st period - Deflect By Kaapo Kakko.
8:27 of 1st period - Stopped by Spencer Knight without a rebound.
8:28 of 1st period - David Krejci wins face-off versus Nick Suzuki in Winnipeg Jets zone.
8:33 of 1st period - Wrist shot by David Krejci.
8:33 of 1st period - Shot Hit the Post.
9:16 of 1st period - Wrist shot by Brandon Hagel.
9:16 of 1st period - Stopped by Spencer Knight with a rebound.
9:40 of 1st period - Otto Koivula is hit by Andrew Cogliano and loses puck.
10:01 of 1st period - Wrist shot by Joe Veleno.
10:01 of 1st period - Stopped by Spencer Knight with a rebound.
10:03 of 1st period - Snap shot by Joel Farabee.
10:03 of 1st period - Deflect By Luke Kunin.
10:03 of 1st period - Stopped by Spencer Knight with a rebound.
10:05 of 1st period - Slapshot by Luke Kunin.
10:05 of 1st period - Stopped by Spencer Knight with a rebound.
11:03 of 1st period - Minor Penalty to Brandon Hagel for Hooking.
11:04 of 1st period - John-Jason Peterka wins face-off versus Alex DeBrincat in Boston Bruins zone.
11:19 of 1st period - Snap shot by Pavel Zacha.
11:19 of 1st period - Stopped by Spencer Knight with a rebound.
12:24 of 1st period - Charlie McAvoy is hit by Kaapo Kakko and loses puck.
13:03 of 1st period - Penalty to Brandon Hagel is over, Brandon Hagel is back on ice.
13:18 of 1st period - Snap shot by Sam Steel.
13:18 of 1st period - Shot Misses the Net.
13:20 of 1st period - Snap shot by Pius Suter.
13:20 of 1st period - Stopped by Leevi Merilainen with a rebound.
13:22 of 1st period - Wrist shot by Pius Suter.
13:22 of 1st period - Stopped by Leevi Merilainen without a rebound.
13:23 of 1st period - David Krejci wins face-off versus Matthew Beniers in Boston Bruins zone.
13:55 of 1st period - Slapshot by Charlie McAvoy.
13:55 of 1st period - Shot Blocked by Pius Suter.
13:57 of 1st period - Slapshot by Charlie McAvoy.
13:57 of 1st period - Shot Blocked by Jordan Harris.
13:59 of 1st period - Slapshot by Otto Koivula.
13:59 of 1st period - Stopped by Spencer Knight with a rebound.
14:15 of 1st period - Wrist shot by Anthony Beauvillier.
14:15 of 1st period - Goal by Anthony Beauvillier - Winnipeg Jets : 0 - Boston Bruins : 1.
14:16 of 1st period - Nick Suzuki wins face-off versus David Krejci in neutral zone.
14:21 of 1st period - Wrist shot by Nick Suzuki.
14:21 of 1st period - Shot Blocked by Charlie McAvoy.
14:29 of 1st period - Snap shot by David Krejci.
14:29 of 1st period - Shot Blocked by Kaiden Guhle.
14:31 of 1st period - Snap shot by David Krejci.
14:31 of 1st period - Goal by David Krejci - Winnipeg Jets : 0 - Boston Bruins : 2.
14:32 of 1st period - Nick Suzuki wins face-off versus David Krejci in neutral zone.
14:39 of 1st period - Wrist shot by Nick Suzuki.
14:39 of 1st period - Stopped by Leevi Merilainen with a rebound.
14:41 of 1st period - Slapshot by Kaiden Guhle.
14:41 of 1st period - Shot Misses the Net.
14:43 of 1st period - Slapshot by Kaiden Guhle.
14:43 of 1st period - Stopped by Leevi Merilainen without a rebound.
14:44 of 1st period - David Krejci wins face-off versus Connor McDavid in Boston Bruins zone.
15:09 of 1st period - Tyson Barrie is hit by Dylan Samberg and loses puck.
16:00 of 1st period - Dylan Samberg is hit by Curtis Hall and loses puck.
16:15 of 1st period - Snap shot by David Krejci.
16:15 of 1st period - Shot Misses the Net.
17:04 of 1st period - Snap shot by Brandon Hagel.
17:04 of 1st period - Shot Blocked by Joel Armia.
17:22 of 1st period - Snap shot by Charlie McAvoy.
17:22 of 1st period - Shot Misses the Net.
17:24 of 1st period - Slapshot by Tyson Barrie.
17:24 of 1st period - Shot Hit the Post.
17:26 of 1st period - Slapshot by Tyson Barrie.
17:26 of 1st period - Shot Blocked by Jordan Harris.
17:28 of 1st period - Slapshot by Tyson Barrie.
17:28 of 1st period - Shot Misses the Net.
17:40 of 1st period - Joel Farabee is hit by Kaiden Guhle and loses puck.
17:49 of 1st period - Andrew Cogliano is hit by Luke Kunin and loses puck.
18:50 of 1st period - Morgan Geekie is hit by Pius Suter and loses puck.
19:01 of 1st period - Icing by Pius Suter.
19:02 of 1st period - David Krejci wins face-off versus Sam Steel in Winnipeg Jets zone.
19:11 of 1st period - Luke Kunin is hit by Klim Kostin and loses puck.
19:47 of 1st period - Dante Fabbro is hit by Curtis Hall and loses puck.
Goals for this period are 0 for Winnipeg Jets vs 2 for Boston Bruins.
Shots for this period are 10 for Winnipeg Jets vs 14 for Boston Bruins.
2nd period
0:01 of 2nd period - Pavel Zacha wins face-off versus Connor McDavid in neutral zone.
0:12 of 2nd period - Snap shot by Anthony Beauvillier.
0:12 of 2nd period - Stopped by Spencer Knight with a rebound.
0:14 of 2nd period - Slapshot by Pavel Zacha.
0:14 of 2nd period - Shot Misses the Net.
0:16 of 2nd period - Wrist shot by Brandon Hagel.
0:16 of 2nd period - Stopped by Spencer Knight without a rebound.
0:17 of 2nd period - Nick Suzuki wins face-off versus David Krejci in Winnipeg Jets zone.
0:57 of 2nd period - Snap shot by Luke Kunin.
0:57 of 2nd period - Shot Misses the Net.
0:59 of 2nd period - Snap shot by David Krejci.
0:59 of 2nd period - Stopped by Spencer Knight without a rebound.
1:00 of 2nd period - Pavel Zacha wins face-off versus Connor McDavid in Winnipeg Jets zone.
1:15 of 2nd period - Snap shot by Pavel Zacha.
1:15 of 2nd period - Stopped by Spencer Knight without a rebound.
1:16 of 2nd period - Nick Suzuki wins face-off versus Ryan Donato in Winnipeg Jets zone.
1:22 of 2nd period - Off-side.
1:23 of 2nd period - Nick Suzuki wins face-off versus Ryan Donato in neutral zone.
2:40 of 2nd period - Wrist shot by Ryan Donato.
2:40 of 2nd period - Stopped by Spencer Knight with a rebound.
2:45 of 2nd period - Minor Penalty to Kaapo Kakko for Hooking.
2:46 of 2nd period - Alex DeBrincat wins face-off versus Anthony Beauvillier in Winnipeg Jets zone.
3:21 of 2nd period - Wrist shot by David Krejci.
3:21 of 2nd period - Shot Misses the Net.
4:11 of 2nd period - Kaiden Guhle is hit by Brandon Hagel and loses puck.
4:45 of 2nd period - Penalty to Kaapo Kakko is over, Kaapo Kakko is back on ice.
4:59 of 2nd period - Matthew Beniers is hit by Otto Koivula and loses puck.
5:04 of 2nd period - Slapshot by Joe Veleno.
5:04 of 2nd period - Deflect By Otto Koivula.
5:04 of 2nd period - Shot Blocked by Barclay Goodrow.
5:04 of 2nd period - Puck is out of play.
5:05 of 2nd period - Ryan Donato wins face-off versus Sam Steel in Winnipeg Jets zone.
5:08 of 2nd period - Wrist shot by Morgan Geekie.
5:08 of 2nd period - Stopped by Spencer Knight with a rebound.
5:16 of 2nd period - Snap shot by Sam Steel.
5:16 of 2nd period - Shot Misses the Net.
5:18 of 2nd period - Snap shot by Pius Suter.
5:18 of 2nd period - Shot Misses the Net.
5:20 of 2nd period - Slapshot by Kaiden Guhle.
5:20 of 2nd period - Shot Misses the Net.
6:07 of 2nd period - Minor Penalty to Brandon Hagel for Roughing.
6:08 of 2nd period - Connor McDavid wins face-off versus David Krejci in Boston Bruins zone.
6:19 of 2nd period - Snap shot by Connor McDavid.
6:19 of 2nd period - Goal by Connor McDavid - Winnipeg Jets : 1 - Boston Bruins : 2.
6:20 of 2nd period - David Krejci wins face-off versus Connor McDavid in neutral zone.
6:29 of 2nd period - Off-side.
6:30 of 2nd period - Connor McDavid wins face-off versus David Krejci in neutral zone.
6:39 of 2nd period - Slapshot by Connor McDavid.
6:39 of 2nd period - Stopped by Leevi Merilainen with a rebound.
6:41 of 2nd period - Snap shot by Lucas Raymond.
6:41 of 2nd period - Stopped by Leevi Merilainen without a rebound.
6:42 of 2nd period - Connor McDavid wins face-off versus Pavel Zacha in Boston Bruins zone.
6:50 of 2nd period - Minor Penalty to Charlie McAvoy for Hooking.
6:51 of 2nd period - David Krejci wins face-off versus Nick Suzuki in Boston Bruins zone.
7:05 of 2nd period - Wrist shot by Nick Suzuki.
7:05 of 2nd period - Shot Misses the Net.
8:24 of 2nd period - Icing by Kaapo Kakko.
8:25 of 2nd period - Brandon Hagel wins face-off versus Connor McDavid in Winnipeg Jets zone.
8:48 of 2nd period - Brandon Hagel is hit by Kaapo Kakko.
8:50 of 2nd period - Penalty to Charlie McAvoy is over, Charlie McAvoy is back on ice.
9:14 of 2nd period - Minor Penalty to Tyson Barrie for Interference.
9:15 of 2nd period - Connor McDavid wins face-off versus David Krejci in Boston Bruins zone.
9:26 of 2nd period - Slapshot by Connor McDavid.
9:26 of 2nd period - Stopped by Leevi Merilainen without a rebound.
9:27 of 2nd period - David Krejci wins face-off versus Nick Suzuki in Boston Bruins zone.
9:42 of 2nd period - Snap shot by Kaapo Kakko.
9:42 of 2nd period - Shot Blocked by Cam York.
9:52 of 2nd period - Alex DeBrincat is hit by David Krejci and loses puck.
10:03 of 2nd period - Wrist shot by Anthony Beauvillier.
10:03 of 2nd period - Shot Misses the Net.
10:19 of 2nd period - Snap shot by Kaapo Kakko.
10:19 of 2nd period - Stopped by Leevi Merilainen with a rebound.
10:50 of 2nd period - Charlie McAvoy is hit by Andrew Cogliano.
11:14 of 2nd period - Penalty to Tyson Barrie is over, Tyson Barrie is back on ice.
12:37 of 2nd period - Minor Penalty to Nick Suzuki for Tripping.
12:38 of 2nd period - Pavel Zacha wins face-off versus Connor McDavid in Winnipeg Jets zone.
12:40 of 2nd period - Snap shot by Anthony Beauvillier.
12:40 of 2nd period - Stopped by Spencer Knight without a rebound.
12:41 of 2nd period - Pavel Zacha wins face-off versus Connor McDavid in Winnipeg Jets zone.
12:42 of 2nd period - Wrist shot by Brandon Hagel.
12:42 of 2nd period - Stopped by Spencer Knight with a rebound.
13:01 of 2nd period - Icing by Brandon Hagel.
13:02 of 2nd period - Pavel Zacha wins face-off versus Connor McDavid in Boston Bruins zone.
13:41 of 2nd period - Snap shot by Anthony Beauvillier.
13:41 of 2nd period - Shot Misses the Net.
14:37 of 2nd period - Penalty to Nick Suzuki is over, Nick Suzuki is back on ice.
14:57 of 2nd period - Snap shot by Nick Suzuki.
14:57 of 2nd period - Shot Misses the Net.
15:13 of 2nd period - Tyson Barrie is hit by Sam Steel and loses puck.
16:39 of 2nd period - Andrew Cogliano is hit by Samuel Girard and loses puck.
17:04 of 2nd period - Dante Fabbro is hit by Anthony Beauvillier and loses puck.
18:04 of 2nd period - Samuel Bolduc is hit by Barclay Goodrow and loses puck.
18:24 of 2nd period - Tyson Barrie is hit by Jordan Harris and loses puck.
19:02 of 2nd period - Calen Addison is hit by Otto Koivula and loses puck.
19:11 of 2nd period - Nick Suzuki is hit by Otto Koivula and loses puck.
19:15 of 2nd period - Icing by Nick Suzuki.
19:16 of 2nd period - Nick Suzuki wins face-off versus Pavel Zacha in Winnipeg Jets zone.
Goals for this period are 1 for Winnipeg Jets vs 0 for Boston Bruins.
Shots for this period are 5 for Winnipeg Jets vs 8 for Boston Bruins.
3rd period
0:01 of 3rd period - Pavel Zacha wins face-off versus Alex DeBrincat in neutral zone.
0:11 of 3rd period - Pavel Zacha is hit by Alex DeBrincat and loses puck.
0:34 of 3rd period - Andrew Cogliano is hit by Joel Farabee.
0:48 of 3rd period - Matt Grzelcyk is hit by Kaiden Guhle and loses puck.
1:17 of 3rd period - Wrist shot by Brandon Hagel.
1:17 of 3rd period - Stopped by Spencer Knight without a rebound.
1:18 of 3rd period - Pavel Zacha wins face-off versus Nick Suzuki in Winnipeg Jets zone.
1:43 of 3rd period - Slapshot by Matthew Beniers.
1:43 of 3rd period - Shot Blocked by Charlie McAvoy.
1:51 of 3rd period - Wrist shot by Pavel Zacha.
1:51 of 3rd period - Shot Blocked by Matthew Beniers.
1:53 of 3rd period - Wrist shot by Anthony Beauvillier.
1:53 of 3rd period - Stopped by Spencer Knight without a rebound.
1:54 of 3rd period - Connor McDavid wins face-off versus David Krejci in Winnipeg Jets zone.
2:03 of 3rd period - Samuel Girard is hit by Lucas Raymond and loses puck.
2:27 of 3rd period - Wrist shot by David Krejci.
2:27 of 3rd period - Stopped by Spencer Knight with a rebound.
2:29 of 3rd period - Snap shot by Luke Kunin.
2:29 of 3rd period - Stopped by Spencer Knight with a rebound.
2:31 of 3rd period - Slapshot by Matt Grzelcyk.
2:31 of 3rd period - Shot Misses the Net.
2:33 of 3rd period - Snap shot by David Krejci.
2:33 of 3rd period - Stopped by Spencer Knight with a rebound.
2:35 of 3rd period - Snap shot by Joel Farabee.
2:35 of 3rd period - Stopped by Spencer Knight without a rebound.
2:36 of 3rd period - Connor McDavid wins face-off versus Pavel Zacha in Winnipeg Jets zone.
2:36 of 3rd period - Connor McDavid is hit by Cam York.
2:50 of 3rd period - Icing by Lucas Raymond.
2:51 of 3rd period - Connor McDavid wins face-off versus John-Jason Peterka in Winnipeg Jets zone.
2:51 of 3rd period - Connor McDavid is hit by Cam York.
3:00 of 3rd period - Samuel Girard is hit by Lucas Raymond and loses puck.
3:09 of 3rd period - Icing by Kaiden Guhle.
3:10 of 3rd period - Connor McDavid wins face-off versus Pavel Zacha in Winnipeg Jets zone.
3:10 of 3rd period - Connor McDavid is hit by Samuel Bolduc.
3:17 of 3rd period - Minor Penalty to Brandon Hagel for Interference.
3:18 of 3rd period - David Krejci wins face-off versus Connor McDavid in Boston Bruins zone.
5:17 of 3rd period - Penalty to Brandon Hagel is over, Brandon Hagel is back on ice.
6:03 of 3rd period - Snap shot by Matthew Beniers.
6:03 of 3rd period - Shot Blocked by Matt Grzelcyk.
6:19 of 3rd period - Snap shot by David Krejci.
6:19 of 3rd period - Shot Blocked by Kaiden Guhle.
6:39 of 3rd period - Slapshot by Tyson Barrie.
6:39 of 3rd period - Shot Blocked by Dante Fabbro.
6:41 of 3rd period - Wrist shot by John-Jason Peterka.
6:41 of 3rd period - Deflect By Morgan Geekie.
6:41 of 3rd period - Stopped by Spencer Knight with a rebound.
6:43 of 3rd period - Wrist shot by Ryan Donato.
6:43 of 3rd period - Stopped by Spencer Knight with a rebound.
7:05 of 3rd period - Slapshot by Nick Suzuki.
7:05 of 3rd period - Stopped by Leevi Merilainen without a rebound.
7:06 of 3rd period - Curtis Hall wins face-off versus Nick Suzuki in Boston Bruins zone.
7:54 of 3rd period - Snap shot by Barclay Goodrow.
7:54 of 3rd period - Deflect By Joel Armia.
7:54 of 3rd period - Shot Misses the Net.
7:54 of 3rd period - Puck is out of play.
7:55 of 3rd period - Pavel Zacha wins face-off versus Nick Suzuki in Boston Bruins zone.
7:57 of 3rd period - Minor Penalty to Pavel Zacha for High sticking.
7:58 of 3rd period - David Krejci wins face-off versus Nick Suzuki in Boston Bruins zone.
9:21 of 3rd period - Tyson Barrie is hit by Kaiden Guhle and loses puck.
9:57 of 3rd period - Penalty to Pavel Zacha is over, Pavel Zacha is back on ice.
10:06 of 3rd period - Backhand shot by Matthew Beniers.
10:06 of 3rd period - Stopped by Leevi Merilainen without a rebound.
10:07 of 3rd period - David Krejci wins face-off versus Sam Steel in Boston Bruins zone.
10:25 of 3rd period - Icing by Ty Smith.
10:26 of 3rd period - Sam Steel wins face-off versus Ryan Donato in Winnipeg Jets zone.
10:26 of 3rd period - Sam Steel is hit by Ryan Donato.
10:41 of 3rd period - Snap shot by Alex DeBrincat.
10:41 of 3rd period - Goal by Alex DeBrincat - Winnipeg Jets : 2 - Boston Bruins : 2.
10:42 of 3rd period - Connor McDavid wins face-off versus Pavel Zacha in neutral zone.
10:54 of 3rd period - Icing by Kaiden Guhle.
10:55 of 3rd period - Pavel Zacha wins face-off versus Connor McDavid in Winnipeg Jets zone.
11:27 of 3rd period - Snap shot by Tyson Barrie.
11:27 of 3rd period - Stopped by Spencer Knight without a rebound.
11:28 of 3rd period - Pavel Zacha wins face-off versus Nick Suzuki in Winnipeg Jets zone.
11:41 of 3rd period - Slapshot by Samuel Girard.
11:41 of 3rd period - Stopped by Spencer Knight without a rebound.
11:42 of 3rd period - Connor McDavid wins face-off versus David Krejci in Winnipeg Jets zone.
11:49 of 3rd period - Snap shot by Alex DeBrincat.
11:49 of 3rd period - Stopped by Leevi Merilainen without a rebound.
11:50 of 3rd period - Connor McDavid wins face-off versus David Krejci in Boston Bruins zone.
11:55 of 3rd period - Snap shot by Alex DeBrincat.
11:55 of 3rd period - Stopped by Leevi Merilainen with a rebound.
12:01 of 3rd period - Snap shot by David Krejci.
12:01 of 3rd period - Shot Misses the Net.
12:03 of 3rd period - Wrist shot by David Krejci.
12:03 of 3rd period - Deflect By Luke Kunin.
12:03 of 3rd period - Shot Misses the Net.
12:03 of 3rd period - Puck is out of play.
12:04 of 3rd period - Nick Suzuki wins face-off versus Pavel Zacha in Winnipeg Jets zone.
12:11 of 3rd period - Wrist shot by Nick Suzuki.
12:11 of 3rd period - Stopped by Leevi Merilainen with a rebound.
12:15 of 3rd period - Snap shot by Kaapo Kakko.
12:15 of 3rd period - Shot Misses the Net.
12:17 of 3rd period - Slapshot by Dante Fabbro.
12:17 of 3rd period - Stopped by Leevi Merilainen with a rebound.
12:19 of 3rd period - Wrist shot by Andrew Cogliano.
12:19 of 3rd period - Shot Misses the Net.
12:31 of 3rd period - Kaiden Guhle is hit by David Krejci and loses puck.
12:52 of 3rd period - Snap shot by Barclay Goodrow.
12:52 of 3rd period - Stopped by Leevi Merilainen with a rebound.
12:54 of 3rd period - Slapshot by Kaiden Guhle.
12:54 of 3rd period - Stopped by Leevi Merilainen with a rebound.
12:56 of 3rd period - Snap shot by Matthew Beniers.
12:56 of 3rd period - Deflect By Joel Armia.
12:56 of 3rd period - Shot Misses the Net.
12:56 of 3rd period - Puck is out of play.
12:57 of 3rd period - Pavel Zacha wins face-off versus Nick Suzuki in Boston Bruins zone.
14:26 of 3rd period - Wrist shot by Kaapo Kakko.
14:26 of 3rd period - Shot Misses the Net.
14:28 of 3rd period - Snap shot by Calen Addison.
14:28 of 3rd period - Shot Misses the Net.
14:30 of 3rd period - Slapshot by Calen Addison.
14:30 of 3rd period - Stopped by Leevi Merilainen with a rebound.
14:32 of 3rd period - Slapshot by Kaapo Kakko.
14:32 of 3rd period - Stopped by Leevi Merilainen with a rebound.
14:44 of 3rd period - Connor McDavid is hit by Samuel Bolduc.
15:01 of 3rd period - Off-side.
15:02 of 3rd period - Matthew Beniers wins face-off versus Ryan Donato in neutral zone.
15:11 of 3rd period - Wrist shot by Matthew Beniers.
15:11 of 3rd period - Goal by Matthew Beniers - Winnipeg Jets : 3 - Boston Bruins : 2.
15:12 of 3rd period - Ryan Donato wins face-off versus Matthew Beniers in neutral zone.
15:19 of 3rd period - Wrist shot by Morgan Geekie.
15:19 of 3rd period - Stopped by Spencer Knight with a rebound.
15:21 of 3rd period - Slapshot by Cam York.
15:21 of 3rd period - Stopped by Spencer Knight with a rebound.
15:23 of 3rd period - Slapshot by Samuel Girard.
15:23 of 3rd period - Deflect By John-Jason Peterka.
15:23 of 3rd period - Shot Misses the Net.
15:23 of 3rd period - Puck is out of play.
15:24 of 3rd period - Ryan Donato wins face-off versus Matthew Beniers in Winnipeg Jets zone.
15:25 of 3rd period - Slapshot by Charlie McAvoy.
15:25 of 3rd period - Shot Misses the Net.
15:51 of 3rd period - Brandon Hagel is hit by Connor McDavid.
16:13 of 3rd period - Slapshot by Pius Suter.
16:13 of 3rd period - Stopped by Leevi Merilainen without a rebound.
16:14 of 3rd period - Ryan Donato wins face-off versus Klim Kostin in Boston Bruins zone.
16:22 of 3rd period - Off-side.
16:23 of 3rd period - Matthew Beniers wins face-off versus Ryan Donato in neutral zone.
16:28 of 3rd period - Snap shot by Calen Addison.
16:28 of 3rd period - Stopped by Leevi Merilainen with a rebound.
16:36 of 3rd period - Wrist shot by Samuel Bolduc.
16:36 of 3rd period - Shot Misses the Net.
16:38 of 3rd period - Wrist shot by Morgan Geekie.
16:38 of 3rd period - Stopped by Spencer Knight with a rebound.
16:46 of 3rd period - Wrist shot by John-Jason Peterka.
16:46 of 3rd period - Shot Hit the Post.
17:04 of 3rd period - Slapshot by Morgan Geekie.
17:04 of 3rd period - Shot Misses the Net.
17:06 of 3rd period - Backhand shot by Matt Grzelcyk.
17:06 of 3rd period - Stopped by Spencer Knight with a rebound.
17:08 of 3rd period - Wrist shot by Ryan Donato.
17:08 of 3rd period - Stopped by Spencer Knight with a rebound.
17:10 of 3rd period - Snap shot by Morgan Geekie.
17:10 of 3rd period - Shot Misses the Net.
17:14 of 3rd period - Slapshot by Ryan Donato.
17:14 of 3rd period - Shot Blocked by Barclay Goodrow.
17:16 of 3rd period - Snap shot by Ryan Donato.
17:16 of 3rd period - Shot Misses the Net.
17:18 of 3rd period - Snap shot by Samuel Bolduc.
17:18 of 3rd period - Shot Blocked by Calen Addison.
17:20 of 3rd period - Slapshot by Matt Grzelcyk.
17:20 of 3rd period - Stopped by Spencer Knight with a rebound.
17:22 of 3rd period - Snap shot by Morgan Geekie.
17:22 of 3rd period - Shot Blocked by Barclay Goodrow.
17:24 of 3rd period - Snap shot by Matt Grzelcyk.
17:24 of 3rd period - Shot Misses the Net.
17:26 of 3rd period - Snap shot by John-Jason Peterka.
17:26 of 3rd period - Stopped by Spencer Knight with a rebound.
17:28 of 3rd period - Snap shot by Morgan Geekie.
17:28 of 3rd period - Shot Blocked by Dylan Samberg.
17:30 of 3rd period - Slapshot by Ryan Donato.
17:30 of 3rd period - Shot Misses the Net.
17:36 of 3rd period - Wrist shot by John-Jason Peterka.
17:36 of 3rd period - Shot Misses the Net.
17:38 of 3rd period - Wrist shot by Samuel Bolduc.
17:38 of 3rd period - Stopped by Spencer Knight with a rebound.
17:40 of 3rd period - Slapshot by Samuel Bolduc.
17:40 of 3rd period - Stopped by Spencer Knight with a rebound.
17:42 of 3rd period - Snap shot by Matt Grzelcyk.
17:42 of 3rd period - Shot Misses the Net.
17:44 of 3rd period - Slapshot by Matt Grzelcyk.
17:44 of 3rd period - Shot Blocked by Calen Addison.
17:46 of 3rd period - Slapshot by Matt Grzelcyk.
17:46 of 3rd period - Deflect By Joel Armia.
17:46 of 3rd period - Stopped by Spencer Knight without a rebound.
17:47 of 3rd period - Sam Steel wins face-off versus Curtis Hall in Winnipeg Jets zone.
17:49 of 3rd period - Icing by Kaiden Guhle.
17:50 of 3rd period - Sam Steel wins face-off versus Curtis Hall in Winnipeg Jets zone.
18:01 of 3rd period - Joe Veleno is hit by Kaiden Guhle and loses puck.
18:22 of 3rd period - Anthony Beauvillier is hit by Dante Fabbro and loses puck.
18:45 of 3rd period - Boston Bruins, Leevi Merilainen is pulled from the net.
18:45 of 3rd period - Slapshot by Charlie McAvoy.
18:45 of 3rd period - Deflect By Nick Suzuki.
18:45 of 3rd period - Stopped by Spencer Knight with a rebound.
19:55 of 3rd period - Slapshot by Alex DeBrincat.
19:55 of 3rd period - Goal by Alex DeBrincat - Winnipeg Jets : 4 - Boston Bruins : 2.
19:55 of 3rd period - Leevi Merilainen from Boston Bruins was sent back in the game.
19:56 of 3rd period - Curtis Hall wins face-off versus Matthew Beniers in neutral zone.
Goals for this period are 3 for Winnipeg Jets vs 0 for Boston Bruins.
Shots for this period are 15 for Winnipeg Jets vs 21 for Boston Bruins.
Back to the Top